 Dungeon Crawl Stone Soup version 0.31-a0-978-g1e143483b6 (webtiles) character file.

Game seed: 535067385721452807

33929 lessens the Nimble (level 13, -6/107 HPs)
             Began as a Gnoll Gladiator on Oct 31, 2023.
             Was an Elder of Ashenzari.
             Drowned by a quicksilver ooze (9 damage)
             ... on level 4 of the Lair of Beasts.
             The game lasted 00:31:29 (20948 turns).

lessens the Nimble (Gnoll Gladiator)               Turns: 20948, Time: 00:31:29

Health: -6/107     AC: 29    Str: 18    XL:     13   Next: 74%
Magic:  16/27      EV: 13    Int:  7    God:    Ashenzari [****..]
Gold:   907        SH:  0    Dex: 15    Spells: 33/33 levels left

rFire   . . .        F - +4 battleaxe of Ashenzari's Regret {Melee, Self} (curse)
rCold   . . .        (shield currently unavailable)
rNeg    . . .        A - +18 Lear's hauberk {Fort, Melee} (curse)
rPois   .            (helmet currently unavailable)
rElec   .            (no cloak)
rCorr   .            (gloves currently unavailable)
SInv    +            (boots currently unavailable)
Will    .....        (no amulet)
Stlth   ++           y - ring of the Ensconced Gloom {SInv, Dev, Cun} (curse)
HPRegen 0.37/turn    Q - ring of flight
MPRegen 0.20/turn

%: clarity
@: engulfed (cannot breathe), flying
A: fangs 1, strong nose, distributed training
a: Renounce Religion, Curse Item, Shatter the Chains


You were on level 4 of the Lair of Beasts.
You worshipped Ashenzari.
Ashenzari was greatly pleased with you.
You visited 2 branches of the dungeon, and saw 15 of its levels.

You collected 907 gold pieces.

Inventory:

Hand Weapons
 a - a +0 war axe
 u - a +4 scimitar of flaming
 F - the cursed +4 battleaxe of Ashenzari's Regret (weapon) {Melee, Self}
   (You took it off a wight on level 8 of the Dungeon)

   It has a curse which improves the following skills: Melee Combat: Short
   Blades, Long Blades, Axes, Maces & Flails, Polearms, Staves and Unarmed
   Combat.
   Introspection: Fighting and Spellcasting.
Missiles
 d - 3 throwing nets
 g - 159 stones
 h - 2 boomerangs
 m - 5 silver javelins
 x - 45 poisoned darts
 D - 6 darts of dispersal
Armour
 i - a +0 pair of boots
 A - the cursed +18 Lear's hauberk (worn) {Fort, Melee}
   (You found it on level 6 of the Dungeon)

   It has a curse which improves the following skills: Fortitude: Armour and
   Shields.
   Melee Combat: Short Blades, Long Blades, Axes, Maces & Flails, Polearms,
   Staves and Unarmed Combat.
 I - +0 acid dragon scales
 M - a +0 helmet
 R - a +0 helmet
Jewellery
 y - the cursed ring of the Ensconced Gloom (left hand) {SInv, Dev, Cun}
   (You found it on level 7 of the Dungeon)

   [ring of see invisible]

   SInv:      It lets you see invisible.
   It has a curse which improves the following skills: Devices: Evocations and
   Shapeshifting.
   Cunning:   Dodging and Stealth.
 Q - a ring of flight (right hand)
Wands
 s - a wand of mindburst (2)
 v - a wand of polymorph (14)
 C - a wand of flame (38)
 E - a wand of quicksilver (4)
 N - a wand of charming (3)
Scrolls
 c - 2 scrolls of enchant armour
 n - 2 scrolls of fog
 o - a scroll of immolation
 p - 2 scrolls of revelation
 r - 3 scrolls of blinking
 t - 4 scrolls of poison
 G - a scroll of torment
 O - 3 scrolls of teleportation
 P - a scroll of fear
Potions
 b - 3 potions of resistance
 f - 3 potions of mutation
 j - 2 potions of degeneration
 k - 2 potions of lignification
 l - 3 potions of invisibility
 q - 2 potions of enlightenment
 w - 2 potions of attraction
 z - 2 potions of magic
 H - 3 potions of haste
 J - 2 potions of cancellation
 K - a potion of curing


   Skills:
 + Level 9.9(11.7) Fighting
 + Level 8.7(11.4) Short Blades
 + Level 8.7(11.4) Long Blades
 + Level 10.9(13.6) Axes
 + Level 8.7(11.4) Maces & Flails
 + Level 8.7(11.4) Polearms
 + Level 8.7(11.4) Staves
 + Level 8.7 Ranged Weapons
 + Level 9.9 Throwing
 + Level 8.7(10.6) Armour
 + Level 10.9(12.7) Dodging
 + Level 8.7(10.6) Stealth
 + Level 8.7(10.6) Shields
 + Level 8.7(11.4) Unarmed Combat
 + Level 8.7(10.6) Spellcasting
 + Level 7.2 Conjurations
 + Level 7.2 Hexes
 + Level 7.2 Summonings
 + Level 7.2 Necromancy
 + Level 7.2 Translocations
 + Level 7.2 Transmutations
 + Level 7.2 Fire Magic
 + Level 7.2 Ice Magic
 + Level 7.2 Air Magic
 + Level 7.2 Earth Magic
 + Level 7.2 Poison Magic
 + Level 9.5 Invocations
 + Level 8.7(10.6) Evocations
 + Level 7.9(9.8) Shapeshifting


You had 33 spell levels left.
You didn't know any spells.
Your spell library contained the following spells:

 Spells                   Type           Power      Damage    Failure   Level
 Apportation              Tloc           26%        N/A       4%          1
 Necrotise                Necr           52%        1d6       4%          1
 Sandblast                Erth           26%        2d8       4%          1
 Shock                    Conj/Air       52%        1d6       4%          1
 Slow                     Hex            52%        N/A       4%          1
 Summon Small Mammal      Summ           52%        N/A       4%          1
 Cigotuvi's Dreadful Rot  Necr/Pois/Air  26%        N/A       8%          2
 Passwall                 Tmut/Erth      10%        N/A       8%          2
 Confusing Touch          Hex            13%        N/A       16%         3
 Sigil of Binding         Hex            13%        N/A       16%         3
 Stone Arrow              Conj/Erth      26%        3d8       16%         3
 Swiftness                Air            13%        N/A       16%         3
 Vampiric Draining        Necr           13%        2d6       16%         3
 Airstrike                Air            6%         2d(1-17)  45%         4
 Animate Armour           Summ/Erth      26%        N/A       45%         4
 Brom's Barrelling Bould  Conj/Erth      13%        2d4       45%         4
 Dispel Undead            Necr           13%        3d9       45%         4
 Death Channel            Necr           6%         N/A       100%        6
 Lehudib's Crystal Spear  Conj/Erth      6%         10d3      100%        8


Dungeon Overview and Level Annotations

Branches:
Dungeon (11/15) Zot: 26242  Temple (0/1) D:5            Lair (4/5) D:9 Zot: 17104
  Swamp (0/4) Lair:2        Snake (0/4) Lair:2          Orc (0/2) D:11
  Slime: Lair:4-5

Altars:
Ashenzari
Makhleb
Nemelex Xobeh
Okawaru
Trog
Uskayaw
Wu Jian
The Shining One

Shops:
D:4 ?   D:6 (

Annotations:
Lair:2 2 transporters, Admiral's ghost, journeyman TrBe


Innate Abilities, Weirdness & Mutations

You have very sharp teeth.
Your uncanny sense of smell can sniff out nearby items.
Your experience applies equally to all skills.


Message History

The quicksilver ooze closely misses you.
The quicksilver ooze hits you.
The quicksilver ooze hits you but does no damage.
The cane toad closely misses you.
You closely miss the quicksilver ooze.
The quicksilver ooze is almost dead.
You hit the cane toad.
Your lungs strain for air!
The quicksilver ooze completely misses you.
The quicksilver ooze hits you but does no damage.
The cane toad closely misses you. The quicksilver ooze hits you.
The quicksilver ooze hits you but does no damage.
You hit the quicksilver ooze.
The quicksilver ooze is almost dead.
You slash the cane toad!
Your lungs strain for air!
The cane toad stings you! The quicksilver ooze misses you.
The quicksilver ooze closely misses you.
You miss the quicksilver ooze.
The quicksilver ooze is almost dead.
You closely miss the cane toad.
Your lungs strain for air!
The quicksilver ooze hits you! x2
You feel your power leaking away. The cane toad stings you.
The quicksilver ooze hits you!!
* * * LOW HITPOINT WARNING * * *
The quicksilver ooze closely misses you.
You closely miss the quicksilver ooze.
The quicksilver ooze is almost dead.
You hit the cane toad but do no damage.
* * * LOW HITPOINT WARNING * * *
Your lungs strain for air!
The cane toad misses you. The quicksilver ooze barely misses you.
The quicksilver ooze hits you but does no damage.
The cane toad stings you!
* * * LOW HITPOINT WARNING * * *
You miss the quicksilver ooze. Your bite misses the quicksilver ooze.
The quicksilver ooze is almost dead.
You closely miss the cane toad.
You die...

,,,,.....................
,...........###.#.###....
,#..+.####..# ######.....
,#...##* #.># #######....
,((#...#*#P.# #...##P....
,.......*##.# #....#.....
,.......* #.###...###....
,,,##...F###........##....
,,,*#...^J@...#P....##.....
,..*###.####..###..###.....
,..###*#####..P##.###.#....
,,..P#P##..###..##..####....
,,........{.................
,,,.......................... ,,,
,,,..........................
,,****,..........................
*** ##....P.........~.##...##....


You could see a quicksilver ooze and a cane toad.

Vanquished Creatures
  3 hydras
  A two-headed ogre (D:9)
  Urug (Lair:1)
  3 skysharks
  10 elephants
  A moth of wrath (D:8)
  A black mamba (Lair:2)
  Joseph (D:9)
  Maurice (D:8)
  Maggie (D:8)
  8 cane toads
  2 rime drakes
  Psyche (D:10)
  2 kobold demonologists (D:7)
  7 komodo dragons
  An unseen horror (D:9)
  6 trolls
  A polar bear (Lair:1)
  A hornet (D:7)
  2 tyrant leeches (Lair:2)
  18 blink frogs
  Prince Ribbit (D:5)
  6 dream sheep (Lair:3)
  Sigmund (D:3)
  2 shadows
  23 yaks
  2 wraiths (D:11)
  3 wyverns
  4 basilisks
  Edmund (D:5)
  2 vampire mosquitoes (D:10)
  3 nagas (Lair:2)
  An acid dragon (D:10)
  11 water moccasins
  4 orc warriors
  A sky beast (D:7)
  An ice beast (D:6)
  3 black bears
  An ogre (D:4)
  3 wolves (Lair:2)
  A phantom (D:7)
  5 kobold brigands
  8 bullfrogs
  A wyvern zombie (D:8)
  5 scorpions
  8 wights
  12 killer bees
  2 centaur zombies (D:8)
  A hound (D:4)
  7 orc priests
  5 jellies
  2 iguanas
  5 orc wizards
  6 hell rats (Lair:2)
  A howler monkey zombie (D:8)
  7 adders
  A shadow imp (D:6)
  A white imp (D:7)
  4 ufetubi
  A dart slug (D:1)
  31 orcs
  2 endoplasms
  4 giant cockroaches
  3 goblins
  7 hobgoblins
  9 jackals
  15 kobolds
  4 quokkas
  6 ball pythons
  7 bats
  7 frilled lizards
  5 rats
328 creatures vanquished.

Vanquished Creatures (collateral kills)
  Harold (D:9)
  A steam dragon (D:9)
  3 wights (D:9)
  An orc wizard (D:9)
6 creatures vanquished.

Vanquished Creatures (others)
  A two-headed ogre (D:9)
  A swamp worm (Lair:2)
  3 killer bees
  An orc wizard (D:8)
6 creatures vanquished.

Grand Total: 340 creatures vanquished

Notes
Turn   | Place    | Note
-------+----------+-------------------------------------------
     0 | D:1      | lessens the Gnoll Gladiator began the quest for the Orb.
     0 | D:1      | Reached XP level 1. HP: 20/20 MP: 1/1
   350 | D:1      | Reached XP level 2. HP: 26/26 MP: 2/2
   682 | D:1      | Reached XP level 3. HP: 30/31 MP: 3/3
   899 | D:1      | Reached skill level 1 in Invocations
  1240 | D:2      | Found a faded altar of an unknown god.
  1252 | D:2      | Prayed at the altar of an unknown god.
  1252 | D:2      | Became a worshipper of Ashenzari the Shackled
  1529 | D:2      | Reached skill level 1 in Short Blades
  1529 | D:2      | Reached skill level 1 in Long Blades
  1529 | D:2      | Reached skill level 1 in Maces & Flails
  1529 | D:2      | Reached skill level 1 in Polearms
  1529 | D:2      | Reached skill level 1 in Staves
  1529 | D:2      | Reached skill level 1 in Ranged Weapons
  1529 | D:2      | Reached skill level 1 in Armour
  1529 | D:2      | Reached skill level 1 in Stealth
  1529 | D:2      | Reached skill level 1 in Shields
  1529 | D:2      | Reached skill level 1 in Unarmed Combat
  1529 | D:2      | Reached skill level 1 in Spellcasting
  1529 | D:2      | Reached skill level 1 in Evocations
  2056 | D:2      | Reached * piety under Ashenzari
  2305 | D:3      | Reached skill level 1 in Shapeshifting
  2305 | D:3      | Reached XP level 4. HP: 37/38 MP: 5/5
  2362 | D:3      | Noticed Sigmund
  2381 | D:3      | Killed Sigmund
  2382 | D:3      | Reached skill level 1 in Conjurations
  2382 | D:3      | Reached skill level 1 in Hexes
  2382 | D:3      | Reached skill level 1 in Summonings
  2382 | D:3      | Reached skill level 1 in Necromancy
  2382 | D:3      | Reached skill level 1 in Translocations
  2382 | D:3      | Reached skill level 1 in Transmutations
  2382 | D:3      | Reached skill level 1 in Fire Magic
  2382 | D:3      | Reached skill level 1 in Ice Magic
  2382 | D:3      | Reached skill level 1 in Air Magic
  2382 | D:3      | Reached skill level 1 in Earth Magic
  2382 | D:3      | Reached skill level 1 in Poison Magic
  2382 | D:3      | Reached XP level 5. HP: 41/43 MP: 5/7
  2382 | D:3      | Reached XP level 6. HP: 48/50 MP: 5/8
  2404 | D:3      | Identified the cursed +2 short sword "Unveiling Urgency"
                  | {venom, Elem, Range} (You took it off a kobold on level 1
                  | of the Dungeon)
  2404 | D:3      | Identified the cursed +0 helmet "Chained Rationality"
                  | {Range, Cun}
  2531 | D:3      | Found a glowing golden altar of the Shining One.
  2655 | D:3      | Reached ** piety under Ashenzari
  3192 | D:4      | Reached skill level 5 in Fighting
  3192 | D:4      | Reached skill level 5 in Throwing
  3504 | D:4      | Reached XP level 7. HP: 54/56 MP: 10/10
  3615 | D:4      | Found The Oracle's Delphic Readings.
  4353 | D:5      | Entered Level 5 of the Dungeon
  4484 | D:5      | Noticed Prince Ribbit
  4494 | D:5      | Killed Prince Ribbit
  4495 | D:5      | Reached XP level 8. HP: 42/63 MP: 10/12
  4916 | D:5      | Found a staircase to the Ecumenical Temple.
  5047 | D:5      | Noticed Edmund
  5068 | D:5      | Killed Edmund
  5901 | D:6      | Found Saclutun's Antique Weapon Emporium.
  6592 | D:6      | Noticed a troll
  6604 | D:6      | Killed a troll
  6745 | D:6      | Found the +18 Lear's hauberk
  7179 | D:7      | Noticed a hornet
  7187 | D:7      | Killed a hornet
  7226 | D:7      | Reached XP level 9. HP: 60/72 MP: 16/16
  8481 | D:8      | Noticed a kobold demonologist
  8490 | D:8      | Noticed a kobold demonologist
  8499 | D:8      | Noticed a soul eater
  8508 | D:7      | Killed a kobold demonologist
  8527 | D:7      | Noticed a hellwing
  8531 | D:7      | Killed a kobold demonologist
  8532 | D:7      | Reached skill level 5 in Invocations
  8798 | D:8      | Noticed Joseph
  8834 | D:9      | Killed Joseph
  8835 | D:9      | Reached XP level 10. HP: 17/77 MP: 17/17
  8865 | D:9      | Reached skill level 5 in Short Blades
  8865 | D:9      | Reached skill level 5 in Long Blades
  8865 | D:9      | Reached skill level 5 in Maces & Flails
  8865 | D:9      | Reached skill level 5 in Polearms
  8865 | D:9      | Reached skill level 5 in Staves
  8865 | D:9      | Reached skill level 5 in Ranged Weapons
  8865 | D:9      | Reached skill level 5 in Armour
  8865 | D:9      | Reached skill level 5 in Stealth
  8865 | D:9      | Reached skill level 5 in Shields
  8865 | D:9      | Reached skill level 5 in Unarmed Combat
  8865 | D:9      | Reached skill level 5 in Spellcasting
  8865 | D:9      | Reached skill level 5 in Evocations
  9334 | D:8      | Noticed Erica
  9591 | D:8      | Erica changed into Erica the moth of wrath
  9591 | D:8      | Noticed Erica
  9592 | D:8      | Noticed Maurice
  9600 | D:8      | Killed Erica the moth of wrath
  9621 | D:8      | Something stole 6 darts of dispersal
  9622 | D:8      | Killed Maurice
  9623 | D:8      | Reached skill level 5 in Shapeshifting
 10492 | D:8      | Noticed Maggie
 10515 | D:8      | Killed Maggie
 10998 | D:9      | Found a staircase to the Lair.
 11020 | D:9      | Reached XP level 11. HP: 64/84 MP: 19/19
 11021 | D:9      | Noticed a two-headed ogre
 11032 | D:9      | Noticed Harold
 11165 | D:9      | Killed Harold
 11166 | D:9      | Reached skill level 5 in Conjurations
 11166 | D:9      | Reached skill level 5 in Hexes
 11166 | D:9      | Reached skill level 5 in Summonings
 11166 | D:9      | Reached skill level 5 in Necromancy
 11166 | D:9      | Reached skill level 5 in Translocations
 11166 | D:9      | Reached skill level 5 in Transmutations
 11166 | D:9      | Reached skill level 5 in Fire Magic
 11166 | D:9      | Reached skill level 5 in Ice Magic
 11166 | D:9      | Reached skill level 5 in Air Magic
 11166 | D:9      | Reached skill level 5 in Earth Magic
 11166 | D:9      | Reached skill level 5 in Poison Magic
 11185 | D:9      | Noticed a two-headed ogre
 11211 | D:9      | Killed a two-headed ogre
 11281 | D:9      | HP: 4/86 [yak (7)]
 11288 | D:9      | HP: 2/86 [yak (3)]
 11294 | D:9      | HP: 3/86 [yak (1)]
 11840 | D:9      | Found a hide-covered altar of Uskayaw.
 11936 | D:9      | Found a burning altar of Makhleb.
 11937 | D:9      | Found a sparkling altar of Nemelex Xobeh.
 11938 | D:9      | Found an ornate altar of the Wu Jian Council.
 12050 | D:10     | Entered Level 10 of the Dungeon
 12062 | D:10     | Noticed Psyche
 12073 | D:10     | Killed Psyche
 12273 | D:10     | Reached *** piety under Ashenzari
 12273 | D:10     | Reached **** piety under Ashenzari
 12929 | D:10     | Found an iron altar of Okawaru.
 13560 | D:11     | Found a staircase to the Orcish Mines.
 14028 | D:11     | Noticed a skeletal warrior
 14029 | D:11     | Noticed a skeletal warrior
 14029 | D:11     | Noticed a skeletal warrior
 14107 | D:14     | Identified the "Uha Jega"
 14107 | Lair:1   | Entered Level 1 of the Lair of Beasts
 14157 | Lair:1   | Reached XP level 12. HP: 94/94 MP: 22/22
 14200 | Lair:1   | Noticed Urug
 14224 | Lair:1   | Killed Urug
 15122 | Lair:1   | Reached skill level 10 in Axes
 15122 | Lair:1   | Reached skill level 10 in Dodging
 15347 | Lair:1   | Identified the +0 robe of Xuteivi {Contam *Corrode Str+6
                  | SInv Archmagi}
 16122 | Lair:2   | Found a transporter.
 16127 | Lair:2   | Noticed Admiral's ghost (journeyman TrBe)
 16215 | Lair:2   | Found a transporter.
 16218 | Lair:2   | Found a bloodstained altar of Trog.
 16346 | Lair:2   | You fall into a shaft and drop 1 floor!
 16409 | Lair:2   | Found a staircase to the Snake Pit.
 16699 | Lair:2   | Noticed a six-headed hydra
 16707 | Lair:2   | Killed a seven-headed hydra
 17299 | Lair:2   | Found a staircase to the Swamp.
 17643 | Lair:3   | Reached XP level 13. HP: 62/101 MP: 23/25
 18833 | Lair:3   | HP: 5/101 [poisoned by a cane toad]
 20327 | Lair:3   | HP: 5/107 [nine-headed hydra (9)]
 20940 | Lair:4   | a seven-headed hydra changed into a quicksilver ooze
 20940 | Lair:4   | Noticed a quicksilver ooze
 20947 | Lair:4   | HP: 3/107 [cane toad (13)]
 20948 | Lair:4   | Drowned by a quicksilver ooze

Illustrated notes

Levels and vault maps discovered:
D:1:      ncdulo_wetmaze, layout_loops_corners
D:2:      layout_basic, nicolae_ecumenical_pavilion
D:3:      layout_loops_ring, mainiacjoe_overflow_boulevard,
          minmay_misc_feat_rugged, chequers_big_river, kennysheep_potato,
          uniq_sigmund
D:4:      layout_cave_pods, chequers_hall_statues_y, grunt_ministairs_1,
          nicolae_nh_oracle_at_delphi
D:5:      layout_basic, minmay_temple_entry_arrows, serial_aquarium,
          aquarium_bridge_straight [aquarium_subvault_bridge,
          aquarium_subvault_window, aquarium_subvault_bridge,
          aquarium_subvault_wall], aquarium_window_2, aquarium_window_3,
          aquarium_window_1, aquarium_window_2, aquarium_view_2a,
          aquarium_view_2e, aquarium_balcony_3b, aquarium_pool_1,
          uniq_prince_ribbit1, uniq_edmund
D:6:      hellmonk_crumbling_castle, layout_cave_pools, serial_shops,
          shop_statue, hellmonk_guarded_unrand_lears
D:7:      layout_loops_corners, hangedman_decor_growths,
          hangedman_abyss_or_decor_passed, chequers_serial_rivers_room_a,
          hangedman_decor_slide_cut, minmay_misc_feat_doors
D:8:      layout_gridville, serial_undead, serial_undead_c, serial_undead_c,
          serial_undead_b, serial_undead_f, uniq_erica, uniq_maurice,
          uniq_joseph, uniq_maggie
D:9:      layout_cave_pools, mainiacjoe_overflow_alcove_3,
          due_lair_maze_entry_diamond, uniq_harold
D:10:     layout_loops_cross, mainiacjoe_overflow_catwalk, water_maze_lemuel,
          uniq_psyche
D:11:     layout_stronghold, orc_0_dummy
Lair:1:   layout_chaotic_city, infiniplex_staircase_pool_2, uniq_urug
Lair:2:   layout_cellular_growth, minmay_swamp_entry_worms,
          guppyfry_snake_entry_garden, gammafunk_ghost_wrathful_warriors
Lair:3:   layout_regular_city
Lair:4:   layout_regular_city, infiniplex_staircase_pool

Skill      XL: |  1  2  3  4  5  6  7  8  9 10 11 12 13 |
---------------+----------------------------------------+-----
Invocations    | 1 2 3 4 5 6 7 8 9 |  9.5
Short Blades   | 1 2 3 4 5 6 8 |  8.7
Long Blades    | 1 2 3 4 5 6 8 |  8.7
Maces & Flails | 1 2 3 4 5 6 8 |  8.7
Polearms       | 1 2 3 4 5 6 8 |  8.7
Staves         | 1 2 3 4 5 6 8 |  8.7
Ranged Weapons | 1 2 3 4 5 6 8 |  8.7
Armour         | 1 2 3 4 5 6 8 |  8.7
Stealth        | 1 2 3 4 5 6 8 |  8.7
Shields        | 1 2 3 4 5 6 8 |  8.7
Unarmed Combat | 1 2 3 4 5 6 8 |  8.7
Spellcasting   | 1 2 3 4 5 6 8 |  8.7
Evocations     | 1 2 3 4 5 6 8 |  8.7
Shapeshifting  | 1 2 3 4 5 6 7 |  7.9
Conjurations   | 1 2 3 4 5 6 7 |  7.2
Hexes          | 1 2 3 4 5 6 7 |  7.2
Summonings     | 1 2 3 4 5 6 7 |  7.2
Necromancy     | 1 2 3 4 5 6 7 |  7.2
Translocations | 1 2 3 4 5 6 7 |  7.2
Transmutations | 1 2 3 4 5 6 7 |  7.2
Fire Magic     | 1 2 3 4 5 6 7 |  7.2
Ice Magic      | 1 2 3 4 5 6 7 |  7.2
Air Magic      | 1 2 3 4 5 6 7 |  7.2
Earth Magic    | 1 2 3 4 5 6 7 |  7.2
Poison Magic   | 1 2 3 4 5 6 7 |  7.2
Fighting       | 5 6 7 8 9 |  9.9
Throwing       | 5 6 7 8 9 |  9.9
Axes           | 7 8 9 10 | 10.9
Dodging        | 7 8 9 10 | 10.9

Action                     |  1- 3 |  4- 6 |  7- 9 | 10-12 | 13-15 || total
---------------------------+-------+-------+-------+-------+-------++-------
  Melee: War axe           |    88 |       |       |       |       ||    88
         Bite              |     4 |    13 |    54 |   153 |    53 ||   277
         Short sword       |    24 |   104 |   394 |   778 |       ||  1300
         Unarmed           |       |     4 |       |       |       ||     4
         Scimitar          |       |       |       |    33 |     6 ||    39
         Battleaxe         |       |       |       |   234 |   246 ||   480
  Throw: Throwing net      |     1 |     1 |       |     1 |       ||     3
         Dart              |       |     1 |     2 |     7 |     2 ||    12
         Javelin           |       |       |     1 |       |     3 ||     4
         Boomerang         |       |       |       |     3 |       ||     3
 Invoke: Curse Item        |     2 |     2 |     1 |     2 |     1 ||     8
         Shatter the Chain |       |       |     3 |     2 |       ||     5
  Evoke: Wand              |       |       |     3 |    21 |    16 ||    40
    Use: Potion            |       |       |     2 |     1 |     1 ||     4
         Scroll            |       |       |       |     3 |       ||     3
   Stab: Held in net/web   |       |     1 |       |       |       ||     1
         Sleeping          |       |       |     1 |       |     3 ||     4
 Armour: Leather armour    |     8 |       |       |       |       ||     8
         Ring mail         |    55 |    39 |    54 |       |       ||   148
         Chain mail        |       |       |   214 |   727 |   362 ||  1303
  Dodge: Dodged            |    89 |    57 |   179 |   510 |   243 ||  1078
  Block: Buckler           |    13 |    17 |    95 |   172 |       ||   297

Table legend: (Time is in decaauts)
 A = Elapsed time spent in this place.
 B = Non-inter-level travel time spent in this place.
 C = Inter-level travel time spent in this place.
 D = Time resting spent in this place.
 E = Time spent auto-exploring this place.
 F = Levels seen in this place.
 G = Mean time per level.
                   A        B        C        D        E       F      G
               +--------+--------+--------+--------+--------+-----+--------+
         Total |  20730 |  20040 |    690 |   1584 |  15279 |  15 | 1382.0 |
       Dungeon |  13834 |  13257 |    577 |    774 |  10306 |  11 | 1257.6 |
          Lair |   6895 |   6783 |    112 |    810 |   4972 |   4 | 1723.8 |
               +--------+--------+--------+--------+--------+-----+--------+

Top non-repeatable levels by time:
  Lair:3: 2532 daAuts
     D:8: 2179 daAuts
  Lair:2: 2140 daAuts
     D:7: 1722 daAuts
  Lair:1: 1598 daAuts
     D:5: 1509 daAuts
     D:4: 1312 daAuts
    D:10: 1210 daAuts
     D:1: 1139 daAuts
     D:6: 1056 daAuts
     D:2: 1045 daAuts
     D:3: 995 daAuts
     D:9: 938 daAuts
    D:11: 725 daAuts
  Lair:4: 623 daAuts

Levels and vault maps discovered:
D:1:      ncdulo_wetmaze, layout_loops_corners
D:2:      layout_basic, nicolae_ecumenical_pavilion
D:3:      layout_loops_ring, mainiacjoe_overflow_boulevard,
          minmay_misc_feat_rugged, chequers_big_river, kennysheep_potato,
          uniq_sigmund
D:4:      layout_cave_pods, chequers_hall_statues_y, grunt_ministairs_1,
          nicolae_nh_oracle_at_delphi
D:5:      layout_basic, minmay_temple_entry_arrows, serial_aquarium,
          aquarium_bridge_straight [aquarium_subvault_bridge,
          aquarium_subvault_window, aquarium_subvault_bridge,
          aquarium_subvault_wall], aquarium_window_2, aquarium_window_3,
          aquarium_window_1, aquarium_window_2, aquarium_view_2a,
          aquarium_view_2e, aquarium_balcony_3b, aquarium_pool_1,
          uniq_prince_ribbit1, uniq_edmund
D:6:      hellmonk_crumbling_castle, layout_cave_pools, serial_shops,
          shop_statue, hellmonk_guarded_unrand_lears
D:7:      layout_loops_corners, hangedman_decor_growths,
          hangedman_abyss_or_decor_passed, chequers_serial_rivers_room_a,
          hangedman_decor_slide_cut, minmay_misc_feat_doors
D:8:      layout_gridville, serial_undead, serial_undead_c, serial_undead_c,
          serial_undead_b, serial_undead_f, uniq_erica, uniq_maurice,
          uniq_joseph, uniq_maggie
D:9:      layout_cave_pools, mainiacjoe_overflow_alcove_3,
          due_lair_maze_entry_diamond, uniq_harold
D:10:     layout_loops_cross, mainiacjoe_overflow_catwalk, water_maze_lemuel,
          uniq_psyche
D:11:     layout_stronghold, orc_0_dummy
Lair:1:   layout_chaotic_city, infiniplex_staircase_pool_2, uniq_urug
Lair:2:   layout_cellular_growth, minmay_swamp_entry_worms,
          guppyfry_snake_entry_garden, gammafunk_ghost_wrathful_warriors
Lair:3:   layout_regular_city
Lair:4:   layout_regular_city, infiniplex_staircase_pool
